 Dungeon Crawl Stone Soup version 0.31-a0-167-g1c394c0614 (webtiles) character file.

Game seed: 12685982807614837378

190 Serulin the Digger (level 5, -3/30 HPs)
             Began as a Gargoyle Earth Elementalist on June 14, 2023.
             Slain by an ogre
             ... wielding a +0 giant spiked club
              (10 damage)
             ... on level 4 of the Dungeon.
             The game lasted 00:14:53 (2492 turns).

Serulin the Digger (Gargoyle Earth Elementalist)    Turns: 2492, Time: 00:14:56

Health: -3/30      AC:  8    Str: 12    XL:     5   Next: 69%
Magic:  9/9        EV:  9    Int: 17    God:
Gold:   199        SH:  9    Dex: 10    Spells: 9/10 levels left

rFire   . . .        g - +1 sling
rCold   . . .        m - +2 kite shield
rNeg    + . .        a - +0 robe
rPois   ∞            i - +2 hat
rElec   +            (no cloak)
rCorr   .            (no gloves)
SInv    .            (no boots)
Will    .....        (no amulet)
Stlth   ++           (no ring)
HPRegen 0.25/turn    (no ring)
MPRegen 0.11/turn

%: no passive effects
@: no status effects
A: sickness immunity, AC +4, negative energy resistance 1, electricity
resistance, torment resistance 1, petrification resistance
a: no special abilities


You were on level 4 of the Dungeon.
You visited 1 branch of the dungeon, and saw 4 of its levels.

You collected 199 gold pieces.

Inventory:

Hand Weapons
 e - a +1 dagger of venom
 g - a +1 sling (weapon)
Missiles
 c - 6 poisoned darts
Armour
 a - a +0 robe (worn)
 i - a +2 hat (worn)
 m - a +2 kite shield (worn)
Scrolls
 d - 2 scrolls of blinking
 j - a scroll of revelation {unknown}
 n - a scroll of fear {unknown}
Potions
 b - a potion of magic
 f - a potion of brilliance {unknown}
 h - a potion of berserk rage
 k - a potion of mutation {unknown}
 l - a potion of ambrosia {unknown}


   Skills:
 - Level 2.0 Fighting
 - Level 1.6 Dodging
 - Level 2.2 Stealth
 + Level 1.4 Shields
 + Level 3.1 Spellcasting
 + Level 2.3 Conjurations
 - Level 0.8 Transmutations
 + Level 4.9 Earth Magic


You had 9 spell levels left.
You knew the following spells:

 Your Spells              Type           Power      Damage    Failure   Level
a - Sandblast             Erth           38%        2d10      10%         1

Your spell library contained the following spells:

 Spells                   Type           Power      Damage    Failure   Level
 Passwall                 Tmut/Erth      10%        N/A       34%         2
 Stone Arrow              Conj/Erth      30%        3d8       43%         3
 Ozocubu's Armour         Ice            2%         N/A       91%         3
 Petrify                  Tmut/Erth      12%        N/A       92%         4
 Metabolic Englaciation   Hex/Ice        1%         N/A       100%        5
 Simulacrum               Ice/Necr       1%         N/A       100%        6


Dungeon Overview and Level Annotations

Branches:
Dungeon (4/15)
 Temple: D:4-7

Altars:
Ashenzari
Zin


Innate Abilities, Weirdness & Mutations

You are immune to sickness and miasma.
Your stone body is resilient. (AC +4)
You are immune to poison.
You resist negative energy. (rN+)
You are resistant to electric shocks. (rElec)
You are resistant to unholy torment.
You are immune to petrification.


Message History

The ogre is heavily wounded.
Fire: g) +1 sling
Press: ? - help, Q - select action, (/) - cycle Shift-Dir - straight line, f/p - ogre
Aim: an ogre, wielding a +0 giant spiked club (heavily wounded, 71% to hit)
You shoot a sling bullet. The sling bullet hits the ogre!
The ogre is severely wounded.
Fire: g) +1 sling
Press: ? - help, Q - select action, (/) - cycle Shift-Dir - straight line, f/p - ogre
Aim: an ogre, wielding a +0 giant spiked club (severely wounded, 71% to hit)
You shoot a sling bullet. The sling bullet hits the ogre.
The ogre is severely wounded.
The ogre completely misses you.
Fire: g) +1 sling
Press: ? - help, Q - select action, (/) - cycle Shift-Dir - straight line, f/p - ogre
Aim: an ogre, wielding a +0 giant spiked club (severely wounded, 71% to hit)
You shoot a sling bullet.
The sling bullet barely misses the ogre.
The ogre hits you with a +0 giant spiked club!!
Ouch! That really hurt!
* * * LOW HITPOINT WARNING * * *
Blink to where?
Press: ? - help, Dir - move target, p - ogre
As you read the scroll of blinking, it crumbles to dust.
Fire: g) +1 sling
Press: ? - help, Q - select action, (/) - cycle Shift-Dir - straight line, f - ogre
Aim: an ogre, wielding a +0 giant spiked club (severely wounded, 71% to hit)
You shoot a sling bullet.
The sling bullet barely misses the ogre.
Fire: g) +1 sling
Press: ? - help, Q - select action, (/) - cycle Shift-Dir - straight line, f/p - ogre
Aim: an ogre, wielding a +0 giant spiked club (severely wounded, 71% to hit)
You shoot a sling bullet.
The sling bullet barely misses the ogre.
Fire: g) +1 sling
Press: ? - help, Q - select action, (/) - cycle Shift-Dir - straight line, f/p - ogre
Aim: an ogre, wielding a +0 giant spiked club (severely wounded, 71% to hit)
You shoot a sling bullet.
The sling bullet barely misses the ogre.
The ogre hits you with a +0 giant spiked club!
You die...

### ##.### #....#
###<.#####
#.....##.#
#.....##.##
#.....#...#
......#......#
#....##@O##..#
###.(.....#.######
#..###..........##
....#.............#
... #.............#
...#.#....#...#
#.##########...#
#>§## #.O...#


You could see an ogre.

Vanquished Creatures
  A hound (D:3)
  An orc priest (D:3)
  Jessica (D:2)
  3 adders
  2 dart slugs (D:1)
  5 orcs
  4 ball pythons
  7 bats
  5 endoplasms
  8 goblins
  3 hobgoblins
  2 jackals (D:2)
  8 kobolds
  6 quokkas
  4 frilled lizards
  6 rats
66 creatures vanquished.

Notes
Turn   | Place    | Note
-------+----------+-------------------------------------------
     0 | D:1      | Serulin the Gargoyle Earth Elementalist began the quest for
                  | the Orb.
     0 | D:1      | Reached XP level 1. HP: 10/10 MP: 3/3
   197 | D:1      | Reached XP level 2. HP: 16/16 MP: 0/5
   259 | D:1      | Found a faded altar of an unknown god.
   394 | D:1      | Reached skill level 1 in Fighting
   450 | D:1      | Reached skill level 4 in Earth Magic
   622 | D:1      | Reached XP level 3. HP: 20/20 MP: 6/6
   682 | D:1      | You fall into a shaft and drop 1 floor!
   716 | D:2      | Reached skill level 1 in Conjurations
   866 | D:2      | Noticed Jessica
   868 | D:2      | Killed Jessica
   869 | D:2      | Reached XP level 4. HP: 26/26 MP: 4/8
  1040 | D:2      | Found a glowing silver altar of Zin.
  1557 | D:3      | Reached XP level 5. HP: 22/30 MP: 6/9
  1796 | D:3      | Identified the +1 pair of boots "Anealuh" {rElec rF+ rN+}
  1843 | D:3      | Reached skill level 1 in Shields
  2354 | D:3      | Found a broken altar of Ashenzari.
  2476 | D:4      | Noticed an ogre
  2492 | D:4      | Slain by an ogre

Illustrated notes

Levels and vault maps discovered:
D:1:      sevenhm_arrival_forest_fort_small_4, layout_rooms,
          hellmonk_ecumenical_altar_slurped_away
D:2:      layout_basic, basic_altar, minmay_misc_feat_rows, uniq_jessica
D:3:      kb_forest_paths, layout_rooms, nicolae_overflow_hidden_temple
D:4:      layout_cave_pools, yredelemnul_altar_generic, serial_shops,
          kennysheep_little_box

Skill      XL: |  1  2  3  4  5 |
---------------+----------------+-----
Fighting       | 1 2 |  2.0
Earth Magic    | 4 |  4.9
Conjurations   | 1 2 |  2.3
Spellcasting   | 3 |  3.1
Shields        | 1 |  1.4
Dodging        | |  1.6
Stealth        | |  2.2
Transmutations | |  0.8

Action                     |  1- 3 |  4- 6 || total
---------------------------+-------+-------++-------
  Melee: Unarmed           |     8 |       ||     8
         Dagger            |       |    16 ||    16
   Fire: Sling             |    21 |    32 ||    53
   Cast: Sandblast         |    35 |    38 ||    73
    Use: Scroll            |       |     6 ||     6
 Armour: Robe              |     7 |    20 ||    27
  Dodge: Dodged            |    16 |    23 ||    39
  Block: Kite shield       |       |    13 ||    13

Table legend: (Time is in decaauts)
 A = Elapsed time spent in this place.
 B = Non-inter-level travel time spent in this place.
 C = Inter-level travel time spent in this place.
 D = Time resting spent in this place.
 E = Time spent auto-exploring this place.
 F = Levels seen in this place.
 G = Mean time per level.
                   A        B        C        D        E       F      G
               +--------+--------+--------+--------+--------+-----+--------+
         Total |   2569 |   2447 |    122 |    180 |   1774 |   4 |  642.2 |
       Dungeon |   2569 |   2447 |    122 |    180 |   1774 |   4 |  642.2 |
               +--------+--------+--------+--------+--------+-----+--------+

Top non-repeatable levels by time:
     D:1: 872 daAuts
     D:3: 841 daAuts
     D:2: 814 daAuts
     D:4: 40 daAuts
